 Dungeon Crawl Stone Soup version 0.18.1-8-gdd0e5ea (webtiles) character file.

238 Blunderbuss the Skirmisher (level 6, 0/39 HPs)
             Began as a Gargoyle Berserker on May 21, 2016.
             Was a Priest of Trog.
             Killed by nerve-wracking pain
             ... invoked by Grinder
              (11 damage)
             ... while paralysed by Grinder
             ... on level 3 of the Dungeon.
             The game lasted 00:09:35 (2037 turns).

Blunderbuss the Skirmisher (Gargoyle Berserker)     Turns: 2037, Time: 00:09:36

Health: 0/39       AC: 14    Str: 23    XL:     6   Next: 7%
Magic:  6/6        EV:  2    Int: 12    God:    Trog [***...]
Gold:   123        SH:  0    Dex:  9    Spells: 0 memorised, 5 levels left

rFire  . . .     SeeInvis .     k - -2 flail (curse)
rCold  . . .     Gourm    .     i - +0 chain mail
rNeg   + . .     Faith    .     (no shield)
rPois  ∞         Spirit   .     f - +0 helmet
rElec  +         Dismiss  .     (no cloak)
rCorr  .         Reflect  .     (no gloves)
SustAt .         Harm     .     (no boots)
MR     .....                    (no amulet)
Stlth  ..........               (no ring)
                                (no ring)

@: paralysed, brilliant, exhausted, flying, slowed, not resistant to hostile
enchantments, extremely unstealthy
A: negative energy resistance 1, electricity resistance, unbreathing,
petrification resistance, rot immunity, AC +4
a: Berserk, Trog's Hand, Burn Spellbooks, Renounce Religion


You were on level 3 of the Dungeon.
You worshipped Trog.
Trog was most pleased with you.
You were not hungry.

You visited 1 branch of the dungeon, and saw 3 of its levels.

You collected 123 gold pieces.

Inventory:

Hand Weapons
 a - a +1 mace
 k - a cursed -2 flail (weapon)
Armour
 f - a +0 helmet (worn)
 i - a +0 chain mail (worn)
Wands
 c - a wand of heal wounds (2/9)
Potions
 b - a potion of flight
 e - 3 potions of heal wounds {unknown}
 h - a potion of ambrosia {unknown}
 j - 4 potions of degeneration {unknown}


   Skills:
 + Level 4.5 Fighting
 + Level 4.3 Maces & Flails
 + Level 3.2 Armour
 + Level 2.7 Dodging
 + Level 1.6 Stealth


You had 5 spell levels left.
You didn't know any spells.

Dungeon Overview and Level Annotations

Branches:
Dungeon (3/15)

Altars:

Annotations:
D:3 Grinder


Innate Abilities, Weirdness & Mutations

You are resistant to torment.
Your stone body is resilient (AC +4).
You are immune to poison.
You resist negative energy.
You are resistant to electric shocks.
You can survive without breathing.
You are immune to petrification.
You are immune to rotting.


Message History

It was a potion of brilliance.
You feel clever all of a sudden. Grinder gestures at you.
You suddenly lose the ability to move!
Grinder hits you but does no damage.
Grinder blinks!
You can move again.
Grinder gestures at you. Pain shoots through your body!
Things that are here:
a dagger; a robe; the human corpse of Jessica Grinder hits you. x2
* * * LOW HITPOINT WARNING * * *
You barely miss Grinder.
Grinder is moderately wounded.
Grinder gestures at you.
You suddenly lose the ability to move!
Grinder gestures at you. Pain shoots through your body!
You die...

##############
.............#######
#.#############..))...#
#.....)@5.......####..##
#.################......
#.........<..##.#.#.#
#.#######............ #.
#.###.###.#.#.# # #.#
#.# #......
#.###.###.#.#.#
#..............
#####.......#..


You could see Grinder.

Vanquished Creatures
  Ijyb (D:2)
  Jessica (D:3)
  Terence (D:2)
  Robin (D:3)
  4 gnolls (D:3)
  4 adders
  An ooze (D:2)
  3 worms
  2 giant geckos
  A giant cockroach (D:1)
  8 goblins
  10 hobgoblins
  6 jackals (D:2)
  A quokka (D:2)
  A ball python (D:2)
  6 bats
  3 giant newts
  4 kobolds
  8 rats
66 creatures vanquished.

Notes
Turn   | Place    | Note
--------------------------------------------------------------
     0 | D:1      | Blunderbuss the Gargoyle Berserker began the quest for the Orb.
     0 | D:1      | Reached XP level 1. HP: 14/14 MP: 1/1
   271 | D:1      | Reached XP level 2. HP: 19/19 MP: 2/2
   944 | D:2      | Noticed Ijyb
   959 | D:2      | Killed Ijyb
   959 | D:2      | Reached XP level 3. HP: 23/24 MP: 3/3
   976 | D:2      | Reached ** piety under Trog
  1285 | D:2      | Reached XP level 4. HP: 23/29 MP: 4/4
  1349 | D:2      | Reached skill level 1 in Stealth
  1373 | D:2      | Noticed Terence
  1395 | D:2      | Killed Terence
  1734 | D:3      | Reached XP level 5. HP: 34/34 MP: 5/5
  1769 | D:3      | Noticed Robin
  1777 | D:3      | Killed Robin
  1804 | D:3      | Reached *** piety under Trog
  1997 | D:3      | Noticed Grinder
  2008 | D:3      | Noticed Jessica
  2027 | D:3      | Killed Jessica
  2027 | D:3      | Reached XP level 6. HP: 35/39 MP: 6/6
  2031 | D:3      | Paralysed by Grinder for 3 turns
  2037 | D:3      | Paralysed by Grinder for 2 turns
  2037 | D:3      | Killed from afar by Grinder

Skill      XL: |  1  2  3  4  5 |
---------------+----------------+-----
Fighting       | 4 |  4.5
Dodging        | 2 |  2.7
Stealth        | 1 |  1.6
Maces & Flails | 4 |  4.3
Armour         | 3 |  3.2

Action                   |  1- 3 |  4- 6 || total
-------------------------+-------+-------++-------
Melee: Mace              |   106 |   138 ||   244
       Flail             |       |    10 ||    10
Invok: Berserk           |     1 |     4 ||     5
  Use: Scroll            |     1 |     1 ||     2
       Potion            |       |     2 ||     2
  Eat: Bread ration      |     1 |     1 ||     2
       Beef jerky        |       |     1 ||     1
Armor: Animal skin       |    13 |       ||    13
       Chain mail        |    52 |   111 ||   163
       Leather armour    |     7 |       ||     7
Dodge: Dodged            |    78 |    75 ||   153
